 Dungeon Crawl Stone Soup version 0.20.1-1-g8b1a95d (webtiles) character file.

3082 Schiappus the Cleaver (level 9, -1/80 HPs)
             Began as a Troll Berserker on Nov 8, 2017.
             Was an Elder of Trog.
             Slain by a killer bee (5 damage)
             ... on level 8 of the Dungeon.
             The game lasted 00:25:50 (6611 turns).

Schiappus the Cleaver (Troll Berserker)             Turns: 6611, Time: 00:25:52

Health: -1/80      AC:  7    Str: 28    XL:     9   Next: 58%
Magic:  8/8        EV:  7    Int:  7    God:    Trog [****..]
Gold:   184        SH: 14    Dex: 10    Spells: 8/8 levels left

rFire    . . .     SeeInvis .   m - +0 war axe
rCold    . . .     Gourm    +   D - +0 large shield
rNeg     . . .     Faith    .   k - +2 robe {MR+}
rPois    .         Spirit   .   (helmet restricted)
rElec    .         Reflect  .   (no cloak)
rCorr    .         Harm     .   (gloves unavailable)
MR       +....     Clarity  +   (boots unavailable)
Stlth    +++.......             f - amulet of the gourmand
Regen    0.7/turn               t - +3 ring of intelligence
MPRegen  0.2/turn               x - ring of stealth

@: lethally poisoned (-1 -> -16), berserk cooldown, slowed, very slow
A: unfitting armour, claws 3, clarity, fast metabolism 3, frail 1, gourmand,
regeneration 1, shaggy fur 1, tough skin 2
a: Berserk, Trog's Hand, Brothers in Arms, Burn Spellbooks, Renounce Religion


You were on level 8 of the Dungeon.
You worshipped Trog.
Trog was greatly pleased with you.
You were not hungry.

You visited 2 branches of the dungeon, and saw 9 of its levels.

You collected 408 gold pieces.
You spent 224 gold pieces at shops.

Inventory:

Hand Weapons
 m - a +0 war axe (weapon)
Missiles
 r - 8 tomahawks of returning (quivered)
Armour
 k - a +2 robe of magic resistance (worn)
 D - a +0 large shield (worn)
Jewellery
 f - an amulet of the gourmand (around neck)
 t - a +3 ring of intelligence (left claw)
 x - a ring of stealth (right claw)
 E - an uncursed ring of positive energy
Wands
 a - a wand of clouds (2/9)
 g - a wand of lightning (13/15)
 s - a wand of digging (14/24)
 y - a wand of random effects (26/48)
Scrolls
 d - 8 scrolls of teleportation
 i - a scroll of recharging
 l - 4 scrolls of remove curse
 v - a scroll of enchant weapon
 w - a scroll of immolation
 B - 2 scrolls of blinking
Potions
 b - 3 potions of haste
 e - a potion of might
 h - a potion of flight
 j - 4 potions of curing
 n - a potion of invisibility
 o - a potion of heal wounds
 u - 2 potions of agility
 C - a potion of magic
Comestibles
 c - 6 bread rations
 p - 2 royal jellies
 q - a fruit
 z - 4 meat rations


   Skills:
 + Level 5.8 Fighting
 + Level 8.2 Axes
 + Level 5.8 Dodging
 + Level 1.5 Stealth
 + Level 1.4 Shields


You had 8 spell levels left.
You didn't know any spells.

Dungeon Overview and Level Annotations

Branches:
Dungeon (8/15)             Temple (1/1) D:7
   Lair: D:8-11

Altars:
Ashenzari
Cheibriados
Dithmenos
Elyvilon
Fedhas
Gozag
Hepliaklqana
Makhleb
Nemelex Xobeh
Qazlal
Ru
Trog
Uskayaw
Vehumet
Xom
Yredelemnul
Zin
The Shining One

Shops:
D:5 =   D:7 *


Innate Abilities, Weirdness & Mutations

You are too large for most types of armour.
You have claws for hands.
Your metabolism is lightning-fast.
You like to eat raw meat.
Your natural rate of healing is unusually fast.
You are covered in fur. (AC +1)
You have very tough skin. (AC +2)
You possess an exceptional clarity of mind.
You are frail. (-10% HP)


Message History

* * * LOW HITPOINT WARNING * * *
The ice beast hits your two-headed ogre but does no damage.
The queen bee calls on the killer bee to defend it!
The killer bee goes berserk!
The killer bee stings you but does no damage.
The killer bee stings you.
* * * LOW HITPOINT WARNING * * *
The killer bee stings you but does no damage.
The killer bee rages.
The ice beast hits your two-headed ogre.
The ice beast freezes your two-headed ogre!
The killer bee stings you.
* * * LOW HITPOINT WARNING * * *
You slash the killer bee!
The killer bee is heavily wounded.
You miss the killer bee. x2
* * * LOW HITPOINT WARNING * * *
You feel very sick. The killer bee barely misses you.
The killer bee stings you.
You die...

..... .....
...#
#########...#
#..........##
#.Yyy.......#
#OyyYy.....#
#.@yyy.†...#
#######'#...#
.....#
##.....
.......
##...#. .#.#
.#.#


You could see a queen bee, an ice beast, a sky beast, 7 killer bees and a
friendly two-headed ogre (berserk).

Vanquished Creatures
  Pikel (D:4)
  Sigmund (D:2)
  Edmund (D:5)
  Duvessa (D:6)
  A phantom (D:5)
  2 slaves (D:4)
  2 orc warriors
  2 ogres
  A centaur (D:7)
  A big kobold (D:7)
  5 bullfrogs
  Dowan (D:6)
  3 scorpions
  2 killer bees (D:8)
  2 howler monkeys (D:6)
  4 crimson imps
  A quasit (D:7)
  2 hounds
  2 orc priests
  A gnoll shaman (D:5)
  A jelly (D:7)
  Natasha (twice) (D:2)
  5 orc wizards
  4 worker ants
  A killer bee zombie (D:6)
  A hound skeleton (D:4)
  A worker ant zombie (D:5)
  5 gnolls (D:5)
  8 adders
  2 shadow imps
  An ooze (D:1)
  An adder zombie (D:6)
  An adder skeleton (D:6)
  2 worms
  3 dart slugs
  4 leopard geckos
  31 orcs
  9 bats
  5 giant cockroaches
  6 goblins
  11 hobgoblins
  2 jackals (D:2)
  2 quokkas
  4 ball pythons
  9 frilled lizards
  16 kobolds
  A leopard gecko skeleton (D:7)
  A quokka skeleton (D:7)
  A quokka zombie (D:6)
  5 rats
181 creatures vanquished.

Vanquished Creatures (collateral kills)
  A killer bee (D:8)
1 creature vanquished.

Vanquished Creatures (others)
  A bullfrog skeleton (D:4)
  A worker ant (D:4)
2 creatures vanquished.

Grand Total: 184 creatures vanquished

Notes
Turn   | Place    | Note
-------+----------+-------------------------------------------
     0 | D:1      | Schiappus the Troll Berserker began the quest for the Orb.
     0 | D:1      | Reached XP level 1. HP: 22/22 MP: 0/0
   159 | D:1      | Reached XP level 2. HP: 17/29 MP: 1/1
   397 | D:1      | You fall through a shaft!
   409 | D:2      | Reached XP level 3. HP: 19/36 MP: 2/2
   516 | D:2      | Noticed Sigmund
   534 | D:2      | Killed Sigmund
   534 | D:2      | Reached skill level 3 in Axes
   534 | D:2      | Reached XP level 4. HP: 35/45 MP: 3/3
   534 | D:2      | Reached XP level 5. HP: 41/53 MP: 4/4
   605 | D:1      | Reached ** piety under Trog
   968 | D:2      | Found a stormy altar of Qazlal.
  1291 | D:2      | Noticed Natasha
  1311 | D:2      | Killed Natasha
  1402 | D:2      | Noticed Natasha
  1410 | D:2      | Killed Natasha
  1410 | D:2      | Reached XP level 6. HP: 47/62 MP: 5/5
  1570 | D:3      | Reached skill level 4 in Axes
  1897 | D:3      | Reached *** piety under Trog
  2100 | D:4      | Noticed a slave
  2101 | D:4      | Noticed a slave
  2103 | D:4      | Noticed Pikel
  2104 | D:4      | Noticed a slave
  2114 | D:4      | Noticed a slave
  2118 | D:4      | Killed a slave
  2124 | D:4      | Killed a slave
  2132 | D:4      | HP: 3/62 [Pikel/whip of flaming (2)]
  2133 | D:4      | HP: 1/62 [Pikel/whip of flaming (1)]
  2134 | D:4      | Killed Pikel
  2134 | D:4      | Reached skill level 5 in Axes
  2134 | D:4      | Reached XP level 7. HP: 1/71 MP: 6/6
  2274 | D:4      | Found a sacrificial altar of Ru.
  2541 | D:4      | Found a basalt altar of Yredelemnul.
  2813 | D:4      | Found a white marble altar of Elyvilon.
  2931 | D:4      | Gained mutation: You are frail. (-10% HP) [potion of mutation]
  2931 | D:4      | Gained mutation: You possess an exceptional clarity of mind. [potion of mutation]
  2942 | D:5      | Entered Level 5 of the Dungeon
  2988 | D:5      | Found Qiyneam's Jewellery Emporium.
  3052 | D:5      | Reached XP level 8. HP: 60/71 MP: 7/7
  3311 | D:5      | Reached skill level 5 in Dodging
  3388 | D:5      | Reached skill level 6 in Axes
  3712 | D:5      | Bought a +3 ring of intelligence for 188 gold pieces
  3744 | D:5      | Noticed Edmund
  3766 | D:5      | Killed Edmund
  3766 | D:5      | Reached skill level 5 in Fighting
  3766 | D:5      | Reached skill level 1 in Stealth
  4062 | D:6      | Reached **** piety under Trog
  4081 | D:6      | Noticed Dowan
  4084 | D:6      | Noticed Duvessa
  4100 | D:6      | Killed Duvessa
  4102 | D:6      | Killed Dowan
  4167 | D:6      | Reached skill level 7 in Axes
  4225 | D:6      | Reached XP level 9. HP: 52/79 MP: 8/8
  4792 | D:6      | Found a hazy altar of Hepliaklqana.
  4818 | D:6      | Found a shadowy altar of Dithmenos.
  4904 | D:6      | Found a shattered altar of Ashenzari.
  5191 | D:7      | Received a gift from Trog
  5347 | D:7      | Found Jari's General Store.
  5383 | D:7      | Bought a scroll of remove curse for 36 gold pieces
  5473 | D:7      | Reached ***** piety under Trog
  5503 | D:7      | Reached skill level 8 in Axes
  5769 | D:7      | Reached skill level 1 in Shields
  5920 | D:7      | Found a glowing silver altar of Zin.
  6015 | D:7      | Found a sacrificial altar of Ru.
  6048 | D:7      | Found a staircase to the Ecumenical Temple.
  6347 | Temple   | Entered the Ecumenical Temple
  6604 | D:8      | Noticed a queen bee
  6611 | D:8      | HP: 4/80 [poisoned by a killer bee]
  6611 | D:8      | Slain by a killer bee

Skill      XL: |  1  2  3  4  5  6  7  8  9 |
---------------+----------------------------+-----
Fighting       | 3 4 5 |  5.8
Axes           | 3 5 7 8 |  8.2
Dodging        | 3 4 5 |  5.8
Stealth        | 1 |  1.5
Shields        | 1 |  1.4

Action                   |  1- 3 |  4- 6 |  7- 9 || total
-------------------------+-------+-------+-------++-------
Melee: Hand axe          |    71 |   234 |    74 ||   379
       War axe           |       |       |   303 ||   303
Invok: Berserk           |       |     2 |     8 ||    10
       Burn Spellbooks   |       |       |     2 ||     2
       Brothers in Arms  |       |       |     2 ||     2
  Use: Potion            |       |     6 |     4 ||    10
       Scroll            |       |     4 |     7 ||    11
 Stab: Sleeping          |       |     1 |     3 ||     4
       Invisible         |       |       |     1 ||     1
       Paralysed         |       |       |     1 ||     1
  Eat: Chunk             |     6 |    20 |    47 ||    73
Armor: Animal skin       |    33 |    88 |     9 ||   130
       Robe              |       |       |   127 ||   127
Dodge: Dodged            |    51 |   214 |   216 ||   481
Block: Large shield      |       |       |    98 ||    98
